 Dungeon Crawl Stone Soup version 0.21-a0-13-g3fd62ac (webtiles) character file.

47 Hook the Digger (level 3, -3/24 HPs)
             Began as a Formicid Earth Elementalist on May 23, 2017.
             Slain by a gnoll
             ... wielding a +0 whip
              (9 damage)
             ... on level 1 of the Dungeon.
             The game lasted 00:07:37 (1309 turns).

Hook the Digger (Formicid Earth Elementalist)       Turns: 1309, Time: 00:07:37

Health: -3/24      AC:  2    Str: 12    XL:     3   Next: 97%
Magic:  0/6        EV: 12    Int: 15    God:
Gold:   60         SH:  0    Dex: 11    Spells: 1/7 levels left

rFire    . . .     SeeInvis +   h - +0 short sword
rCold    . . .     Gourm    .   (no shield)
rNeg     . . .     Faith    .   c - +0 robe
rPois    .         Spirit   +   (helmet unavailable)
rElec    .         Reflect  .   i - scarf {Spirit}
rCorr    .         Harm     .   (no gloves)
MR       .....                  (no boots)
Stlth    ++........             (no amulet)
Regen    0.1/turn               (no ring)
MPRegen  0.1/turn               (no ring)

@: no status effects
A: permanent stasis, dig shafts and tunnels, four strong arms, antennae 3
a: Dig, Shaft Self


You were on level 1 of the Dungeon.
You were very hungry.

You visited 1 branch of the dungeon, and saw 2 of its levels.

You collected 60 gold pieces.

Inventory:

Hand Weapons
 h - a +0 short sword (weapon)
Missiles
 b - 50 stones (quivered)
Armour
 c - a +0 robe (worn)
 i - a scarf of spirit shield (worn)
Scrolls
 g - a scroll of identify
 k - a scroll of remove curse {unknown}
 l - a scroll of teleportation {unknown}
Potions
 a - a potion of ambrosia {unknown}
 j - a potion of agility {unknown}
 n - 3 potions of flight {unknown}
Books
 e - a book of Geomancy

   Spells                             Type                      Level
   a - Sandblast                      Earth                        1
   b - Passwall                       Transmutation/Earth          2
   c - Stone Arrow                    Conjuration/Earth            3
   d - Petrify                        Transmutation/Earth          4
   e - Lee's Rapid Deconstruction     Earth                        5
Comestibles
 d - a bread ration
 f - 4 fruits
 m - a meat ration


   Skills:
 * Level 2.1 Dodging
 + Level 2.9 Stealth
 + Level 0.4 Unarmed Combat
 * Level 2.5 Spellcasting
 + Level 1.1 Transmutations
 * Level 4.5 Earth Magic


You had one spell level left.
You knew the following spells:

 Your Spells              Type           Power        Failure   Level  Hunger
a - Sandblast             Erth           ###...       3%          1    #......
b - Passwall              Tmut/Erth      ##........   10%         2    ###....
c - Stone Arrow           Conj/Erth      #.....       24%         3    ###....


Dungeon Overview and Level Annotations

Branches:
Dungeon (2/15)

Altars:


Innate Abilities, Weirdness & Mutations

You cannot be hasted, slowed, berserked, paralysed or teleported.
You can dig through walls and to a lower floor.
Your four strong arms can wield two-handed weapons with a shield.
You have a pair of large antennae on your head. (SInv)


Message History

You climb upwards.
There is a stone staircase leading down here.
Casting: Sandblast
Confirm with . or Enter, or press ? or * to list all spells.
Aiming: Sandblast
Press: ? - help, Shift-Dir - straight line, f - gnoll
Aim: a gnoll, wielding a club (moderately wounded)
The blast of sand hits the gnoll.
The gnoll is severely wounded.
b - 50 stones The gnoll hits you with a whip.
* * * LOW HITPOINT WARNING * * *
The gnoll barely misses you.
You hit the gnoll.
You kill the gnoll!
The gnoll barely misses you.
You hit the gnoll.
The gnoll is heavily wounded.
The gnoll hits you with a whip!
You die...

###### #....#
#########....#####
#.)...............
#@................
#g#######^...#.#..
#.#######....#.#..
#.##...##....#.#..
#.#....''....'.'..
#.#....##....###..
###'#'##########
#.. #.........#
### #.....)...# #.


You could see a gnoll.

Vanquished Creatures
  2 gnolls
  A dart slug (D:1)
  A leopard gecko (D:1)
  3 giant cockroaches (D:1)
  4 goblins (D:1)
  4 hobgoblins (D:1)
  3 kobolds (D:1)
  3 bats (D:1)
  3 rats (D:1)
24 creatures vanquished.

Notes
Turn   | Place    | Note
-------+----------+-------------------------------------------
     0 | D:1      | Hook the Formicid Earth Elementalist began the quest for the Orb.
     0 | D:1      | Reached XP level 1. HP: 13/13 MP: 3/3
    71 | D:1      | Reached XP level 2. HP: 5/19 MP: 3/5
   301 | D:1      | Learned a level 2 spell: Passwall
   313 | D:1      | Reached skill level 4 in Earth Magic
   528 | D:1      | Reached XP level 3. HP: 24/24 MP: 6/6
   533 | D:1      | Learned a level 3 spell: Stone Arrow
  1309 | D:1      | Slain by a gnoll

Vault maps used:
D:1:      elethiomel_arrival_shortcut

Skill      XL: |  1  2 |
---------------+-------+-----
Dodging        | 2 |  2.1
Earth Magic    | 4 |  4.5
Stealth        | |  2.9
Unarmed Combat | |  0.4
Spellcasting   | |  2.5
Transmutations | |  1.1

Action                   || total
-------------------------++-------
Melee: Unarmed           ||    23
       Short sword       ||    32
 Cast: Sandblast         ||    23
       Stone Arrow       ||     4
 Abil: Dig               ||     1
  Use: Scroll            ||     1
 Stab: Sleeping          ||     1
  Eat: Chunk             ||     1
Armor: Robe              ||    15
Dodge: Dodged            ||    52
